 Dungeon Crawl Stone Soup version 0.30.1-9-gdf580d7c3d (webtiles) character file.

Game seed: 14726255491283486347

210728 Chiseanne the Thaumaturge (level 17, 0/117 HPs)
             Began as a Demonspawn Wanderer on Oct 11, 2023.
             Was the Champion of Vehumet.
             Killed from afar by a deep elf zephyrmancer (11 damage)
             ... with a bolt of lightning
             ... on level 1 of the Elven Halls on Oct 13, 2023.
             The game lasted 02:53:30 (30930 turns).

Chiseanne the Thaumaturge (Demonspawn Wanderer)    Turns: 30930, Time: 02:53:31

Health: 0/117      AC: 20    Str: 10 (12) XL:     17   Next: 72%
Magic:  36/37      EV: 12    Int: 20 (23) God:    Vehumet [******]
Gold:   1762       SH:  8    Dex:  6 (9)  Spells: 26/45 levels left

rFire   x x x        a - +6 short sword (venom)
rCold   . . .        V - +2 buckler {rPois}
rNeg    + . .        T - +4 troll leather armour
rPois   +            P - +2 hat {Stlth+}
rElec   +            n - +3 cloak "Buvumixy" {Contam rC++ Will+}
rCorr   .            q - +2 pair of gloves
SInv    .            I - +2 pair of boots
Will    ++...        d - amulet of magic regeneration
Stlth   +++          X - ring "Nuojoch" {rPois rN+ MP+9 Str+5 Stlth+}
HPRegen 0.00/turn    x - ring "Atyer" {rElec rC+}
MPRegen 0.65/turn

%: random rage (9%)
@: inhibited regen, unable to read
A: horns 2, demonic guardian 2, powered by death 3, weakness stinger 2, demonic
touch 2, [berserk 2], [clumsy 2], [deterioration 1], [low MP 2], [inhibited
regeneration], [teleportitis 1], [weak 2], [cold vulnerability 3], [heat
vulnerability 3], [subdued magic 3], [inability to read after injury 2]
}: 2/15 runes: serpentine, barnacled
a: Renounce Religion


You were on level 1 of the Elven Halls.
You worshipped Vehumet.
Vehumet was exalted by your worship.
You visited 7 branches of the dungeon, and saw 32 of its levels.
You also visited: Wizlab.

You collected 3028 gold pieces.
You spent 1266 gold pieces at shops.

Inventory:

Hand Weapons
 a - a +6 short sword of venom (weapon)
 s - a +5 scimitar of flaming
Missiles
 t - 8 throwing nets
 L - 4 curare-tipped darts (quivered)
Armour
 b - a +2 leather armour of fire resistance
 n - the +3 cloak "Buvumixy" (worn) {Contam rC++ Will+}
   (You acquired it on level 2 of the Shoals)

   rC:        It greatly protects you from cold.
   Contam:    It causes magical contamination when unequipped.
   Will:      It increases your willpower.
 q - a +2 pair of gloves (worn)
 I - a +2 pair of boots (worn)
 P - a +2 hat of stealth (worn)
 T - a +4 troll leather armour (worn)
 V - a +2 buckler of poison resistance (worn)
Jewellery
 d - an amulet of magic regeneration (around neck)
 l - a ring of flight
 x - the ring "Atyer" (right hand) {rElec rC+}
   (You bought it in a shop on level 15 of the Dungeon)

   [ring of protection from cold]

   rC:        It protects you from cold.
   rElec:     It insulates you from electricity.
 D - a ring of see invisible
 X - the ring "Nuojoch" (left hand) {rPois rN+ MP+9 Str+5 Stlth+}
   (You found it on level 2 of the Lair of Beasts)

   [ring of magical power]

   Str:       It affects your strength (+5).
   rPois:     It protects you from poison.
   rN:        It protects you from negative energy.
   MP:        It affects your magic capacity (+9).
   Stlth:     It makes you more stealthy.
Wands
 k - a wand of digging (7)
 S - a wand of iceblast (21)
 U - a wand of light (17)
Scrolls
 e - a scroll of blinking
 f - 9 scrolls of teleportation
 g - 20 scrolls of identify
 p - a scroll of immolation
 w - 5 scrolls of poison
 z - 2 scrolls of amnesia
 J - a scroll of magic mapping
 N - 2 scrolls of fog
 Y - 3 scrolls of fear
Potions
 c - 8 potions of curing
 h - 6 potions of flight
 i - 5 potions of berserk rage
 m - 2 potions of resistance
 r - a potion of brilliance
 v - 5 potions of heal wounds
 C - 2 potions of cancellation
 E - 3 potions of invisibility
Miscellaneous
 B - a phantom mirror
 M - a phial of floods
 Q - a condenser vane


   Skills:
 - Level 6.0 Fighting
 - Level 1.7 Polearms
 - Level 10.2 Dodging
 * Level 11.7 Shields
 * Level 14.9 Spellcasting
 - Level 14.1 Conjurations
 - Level 5.0 Transmutations
 * Level 11.0 Fire Magic
 * Level 11.0 Ice Magic
 - Level 4.1 Air Magic
 - Level 6.0 Poison Magic


You had 26 spell levels left.
You knew the following spells:

 Your Spells              Type           Power      Damage    Failure   Level
a - Searing Ray           Conj           74%        2d7       0%          2
c - Ignite Poison         Fire/Tmut/Pois 23%        N/A       1%          3
d - Mephitic Cloud        Conj/Pois/Air  24%        N/A       1%          3
e - Freezing Cloud        Conj/Ice/Air   14%        6-21      1%          5
f - Plasma Beam           Fire/Air       11%        2x1d24    9%          6

Your spell library contained the following spells:

 Spells                   Type           Power      Damage    Failure   Level
 Ignition                 Fire           15%        3d6       67%         8
 Freeze                   Ice            100%       1d10      0%          1
 Magic Dart               Conj           100%       1d8       0%          1
 Frozen Ramparts          Ice            62%        1d10      0%          3
 Hailstorm                Conj/Ice       34%        3d9       0%          3
 Sandblast                Erth           14%        2d6       1%          1
 Sting                    Tmut/Pois      76%        1d6       1%          1
 Cigotuvi's Dreadful Rot  Necr/Pois/Air  28%        N/A       1%          2
 Static Discharge         Conj/Air       54%        2-5/arc   1%          2
 Spider Form              Tmut/Pois      19%        N/A       1%          3
 Airstrike                Air            8%         2d(2-18)  1%          4
 Fulminant Prism          Conj/Hex       11%        3d8       1%          4
 Ice Form                 Ice/Tmut       24%        N/A       1%          4
 Irradiate                Conj/Tmut      14%        3d16      1%          5
 Slow                     Hex            28%        N/A       3%          1
 Summon Ice Beast         Ice/Summ       19%        N/A       3%          4
 Blink                    Tloc           14%        N/A       5%          2
 Ozocubu's Refrigeration  Ice            15%        4d10      12%         7
 Call Canine Familiar     Summ           7%         N/A       13%         3
 Confusing Touch          Hex            7%         N/A       13%         3
 Portal Projectile        Hex/Tloc       14%        N/A       13%         3
 Tukima's Dance           Hex            7%         N/A       13%         3
 Vampiric Draining        Necr           7%         2d6       13%         3
 Alistair's Intoxication  Tmut/Pois      12%        N/A       13%         5
 Yara's Violent Unravell  Hex/Tmut       6%         3d5       13%         5
 Blade Hands              Tmut           9%         N/A       16%         5
 Summon Lightning Spire   Summ/Air       12%        N/A       19%         4
 Animate Armour           Summ/Erth      14%        N/A       45%         4
 Leda's Liquefaction      Hex/Erth       3%         N/A       45%         4
 Manifold Assault         Tloc           7%         N/A       45%         4
 Passage of Golubria      Tloc           7%         N/A       45%         4
 Simulacrum               Ice/Necr       9%         N/A       63%         6
 Summon Forest            Summ/Tloc      3%         N/A       83%         5
 Summon Mana Viper        Hex/Summ       7%         N/A       83%         5
 Summon Cactus Giant      Summ           3%         N/A       100%        6
 Dragon Form              Tmut           9%         N/A       100%        7
 Storm Form               Tmut/Air       8%         N/A       100%        7
 Summon Hydra             Summ           3%         N/A       100%        7
 Necromutation            Tmut/Necr      6%         N/A       100%        8
 Polar Vortex             Ice            15%        N/A       100%        9


Dungeon Overview and Level Annotations

Branches:
Dungeon (15/15)            Temple (1/1) D:6            Lair (5/5) D:11
 Shoals (4/4) Lair:2        Snake (4/4) Lair:2        Slime (0/5) Lair:4
    Orc (2/2) D:11            Elf (1/3) Orc:2        Vaults (0/5) D:13
 Depths (0/4) D:15         WizLab (visited)

Altars:
Ashenzari
Cheibriados
Dithmenos
Fedhas
Gozag
Hepliaklqana
Kikubaaqudgha
Makhleb
Nemelex Xobeh
Okawaru
Qazlal
Ru
Sif Muna
Trog
Uskayaw
Vehumet
Wu Jian
Xom
Yredelemnul
Jiyva
Lugonu

Shops:
D:1 (   D:8 [   D:13 (   D:15 =   Orc:1 *   Orc:2 :[!

Portals:
Abyss: Lair:5

Annotations:
D:4 1 runed translucent door, Ivernyr's ghost, novice FoFi
D:8 1 transporter
Lair:4 1 runed translucent door
Snake:2 Vashnia
Snake:3 exclusion: upstairs


Innate Abilities, Weirdness & Mutations

You have a pair of horns on your head.
A demonic guardian rushes to your aid.
You regenerate a lot of health from kills.
You have a tail ending in a sharp stinger.
Your touch may inflict irresistible damage on your foes.
[You have an uncontrollable temper.]
[You are very clumsy. (Dex -4)]
[Your body sometimes deteriorates upon taking damage.]
[Your magical capacity is very low. (-20% MP)]
[You do not regenerate when monsters are visible.]
[You are occasionally teleported next to monsters.]
[You are very weak. (Str -4)]
[You are extremely vulnerable to cold. (rC---)]
[You are extremely vulnerable to heat. (rF---)]
[Your spells are much easier to cast, but much less powerful.]
[You sometimes lose the ability to read scrolls when taking damage.]


Message History

You feel clever.
You feel robust.
Your system completely accepts the healing effects of potions.
Your body's shape seems more normal.
Your urge to shout disappears.
You no longer become unable to drink potions after taking damage.
You feel more energetic.
You feel a little healthier. What are your orders? t - Shout!
Orders for allies: a - Attack new target. r - Retreat! s - Stop attacking. g - Guard the area. f - Follow me.
Anything else - Cancel.
Gang up on whom?
Press: ? - help, Dir - move target, f - two-headed ogre
Aim: a two-headed ogre, wielding a +0 giant spiked club and a +0 giant club (ally target) Attack!
The two-headed ogre hits your sun demon with a +0 giant spiked club!
The two-headed ogre hits your sun demon with a +0 giant club.
Found a scroll of teleportation.
Your sun demon hits the two-headed ogre.
The two-headed ogre is engulfed in flames!
Your sun demon hits the two-headed ogre!!
The two-headed ogre is engulfed in flames!
The two-headed ogre hits your sun demon but does no damage.
The two-headed ogre hits your sun demon with a +0 giant club!!
Your sun demon hits the two-headed ogre!!
The two-headed ogre dies!
Vehumet accepts your kill.
Your sun demon hits the deep elf zephyrmancer!!
The deep elf zephyrmancer is engulfed in flames!
The deep elf zephyrmancer hits your sun demon but does no damage.
Your sun demon closely misses the deep elf zephyrmancer.
Your sun demon hits the deep elf zephyrmancer!!
The deep elf zephyrmancer dies!
Vehumet accepts your kill.
Your sun demon hits the deep elf zephyrmancer.
The deep elf zephyrmancer is engulfed in flames!
The deep elf zephyrmancer casts a spell at you.
The bolt of lightning misses your sun demon.
The bolt of lightning hits you! You resist.
You die...

,,,,,,,,,,* ****,,,,,,,** *
,,,,,,,**,* #.,?.,,..**,** **
,,,,**,**,* #.###,,.,***,** **,
,,,***,**,* #.#....,** **,***,*
,*,* *,,*,* #.#.#.#** **,,,**
,#.* **.#!# #.#.#.# ##+##*
**.####.*.*** #/..|.# ##...##
*..........#####.#### ##.....##
*#..##.##......@....# ##.......#
###...#.##...####....###.........
,.....................3e.........
**#...#.##!..###.....###.........
#..##.##...###.#.#.# ##...e...#
#.)##.##........(..# ##O......
#..3......####.##### ##.>.###
##........#**##*** ##'.#*,
####.#####,,,,,,* #..#,,


You could see a deep elf zephyrmancer (ally target) and a friendly sun demon
(summoned).

Vanquished Creatures
  Kirke (D:12)
  Gastronok (D:9)
  2 nagarajas (Snake:4)
  Agnes (D:15)
  Ilsuiw (Shoals:2)
  A frost giant (Shoals:4)
  A fire giant (D:15)
  Aizul (Snake:2)
  Azrael (D:12)
  Snorg (D:13)
  3 merfolk javelineers (Shoals:4)
  4 merfolk impalers
  Erolcha (D:13)
  2 salamander tyrants
  7 hydras
  Harold (Lair:2)
  5 anacondas
  2 catoblepae
  2 satyrs
  5 boulder beetles
  2 alligator snapping turtles (Shoals:4)
  3 ogre magi (Orc:2)
  2 centaur warriors
  Erica (Lair:2)
  12 two-headed ogres
  4 merfolk aquamancers
  6 naga warriors
  3 shock serpents
  A tengu warrior (D:14)
  Urug (Lair:2)
  12 death yaks (Lair:4)
  An orc high priest (Orc:1)
  3 thrashing horrors (Lair:5)
  6 naga sharpshooters
  4 skysharks
  A deep elf knight (Elf:1)
  5 sea snakes
  4 salamander mystics
  8 naga ritualists
  2 wizards
  2 deep elf archers (Elf:1)
  3 orc knights
  5 deep elf pyromancers
  6 deep elf zephyrmancers (Elf:1)
  8 mana vipers
  3 harpies
  10 fauns
  9 orc sorcerers
  A salamander (shapeshifter) (Lair:5)
  19 ugly things
  7 manticores
  6 cyclopes
  9 salamanders
  7 elephants
  18 black mambas
  Joseph (D:7)
  4 guardian serpents
  A guardian serpent (shapeshifter) (Lair:5)
  15 naga magi
  9 merfolk sirens
  A gargoyle (D:13)
  4 unseen horrors
  9 cane toads
  A smoke demon (Lair:5)
  2 rime drakes (Lair:2)
  3 water nymphs
  A kobold demonologist (D:12)
  A freezing wraith (D:12)
  9 komodo dragons
  An efreet (D:14)
  A queen bee (Lair:2)
  An ancient zyme (Lair:5)
  A hornet (D:6)
  A merfolk (shapeshifter) (Lair:5)
  12 trolls
  A wind drake (Shoals:4)
  13 merfolk
  Grinder (D:3)
  4 snapping turtles
  11 dream sheep
  17 blink frogs
  2 slime creatures
  A spriggan (shapeshifter) (Lair:5)
  A culicivora (shapeshifter) (Lair:5)
  A spriggan (Lair:5)
  A vampire (D:8)
  A yak (shapeshifter) (D:13)
  4 shadows
  6 wyverns
  7 water elementals
  3 wraiths
  A basilisk (shapeshifter) (D:14)
  35 yaks
  3 fire elementals
  3 hogs (D:12)
  6 basilisks
  A chaos spawn (Lair:5)
  An iron golem (Elf:1)
  11 vampire mosquitoes
  4 wargs
  34 nagas
  12 water moccasins
  A large abomination (Lair:5)
  2 acid dragons
  A hell hound (D:12)
  A swamp drake (D:11)
  A black bear (D:5)
  12 orc warriors
  A sky beast (D:6)
  8 ogres
  12 wolves
  16 centaurs
  16 small abominations
  6 bullfrogs
  3 kobold brigands
  2 gnoll sergeants
  3 scorpions
  66 killer bees
  4 electric eels (D:9)
  4 howler monkeys
  2 jellies
  4 crimson imps
  11 orc priests
  4 hounds
  Crazy Yiuf (D:7)
  4 gnoll boudas
  An iguana (D:6)
  2 sleepcaps
  27 orc wizards
  22 gnolls
  2 adders
  2 river rats (Lair:2)
  A shadow imp (D:7)
  2 ufetubi
  A worm (D:2)
  2 dart slugs (D:1)
  56 orcs
  3 ball pythons
  3 endoplasms
  3 giant cockroaches
  5 goblins
  6 hobgoblins
  6 jackals
  3 quokkas
  8 bats
  3 frilled lizards (D:1)
  17 kobolds
  3 rats (D:1)
863 creatures vanquished.

Vanquished Creatures (collateral kills)
  A nagaraja (Snake:4)
  A deep elf sorcerer (Elf:1)
  A merfolk avatar (Shoals:4)
  2 two-headed ogres
  A dancing weapon (Elf:1)
  2 naga sharpshooters (Snake:4)
  An orc knight (Orc:1)
  2 deep elf zephyrmancers (Elf:1)
  A mana viper (Snake:2)
  A salamander (Snake:3)
  An ugly thing (D:14)
  An orc sorcerer (Orc:1)
  A black mamba (Snake:3)
  A naga mage (Snake:4)
  A cane toad (Lair:1)
  A rime drake (Lair:2)
  A komodo dragon (Lair:2)
  A freezing wraith (D:14)
  A merfolk (Shoals:4)
  A wind drake (Shoals:2)
  2 water elementals (Shoals:1)
  A shadow (D:12)
  A wraith (D:14)
  A fire elemental (D:11)
  2 basilisks (Lair:2)
  A vampire mosquito (D:12)
  2 nagas (Snake:4)
  A warg (Orc:1)
  2 hell hounds (D:12)
  An orc warrior (Orc:1)
  An ogre (D:11)
  A centaur (D:12)
  A bullfrog (D:6)
  2 killer bees
  2 orc priests (Orc:1)
  2 orc wizards
  2 gnolls (D:5)
  An adder (D:5)
  8 orcs
  2 ball pythons (D:4)
  A kobold (D:9)
60 creatures vanquished.

Vanquished Creatures (others)
  2 electric eels (D:9)
  An orc wizard (Orc:2)
  2 orcs (D:9)
5 creatures vanquished.

Grand Total: 928 creatures vanquished

Notes
Turn   | Place    | Note
-------+----------+-------------------------------------------
     0 | D:1      | Chiseanne the Demonspawn Wanderer began the quest for the
                  | Orb.
     0 | D:1      | Chiseanne set off with the following items: a +0 spear, a
                  | +0 buckler, a potion of curing, a +0 robe; and the
                  | following spell memorised: Sting; and the following spells
                  | available to memorise: Cigotuvi's Dreadful Rot, Mephitic
                  | Cloud.
     0 | D:1      | Reached XP level 1. HP: 13/13 MP: 2/2
   348 | D:1      | Found Geggant's Weapon Boutique.
   361 | D:1      | Gained mutation: You regenerate a little health from kills.
                  | [demonic ancestry]
   361 | D:1      | Reached XP level 2. HP: 18/20 MP: 3/3
   589 | D:1      | Reached skill level 1 in Fighting
   715 | D:1      | Reached skill level 1 in Dodging
   727 | D:1      | Discovered your monstrous ancestry.
   727 | D:1      | Gained mutation: Your touch may inflict minor irresistible
                  | damage on your foes. [demonic ancestry]
   727 | D:1      | Reached XP level 3. HP: 25/26 MP: 5/5
  1159 | D:2      | Found a faded altar of an unknown god.
  1953 | D:3      | Noticed Grinder
  1998 | D:3      | Found a shimmering altar of Xom.
  2020 | D:2      | Gained mutation: A weak demonic guardian rushes to your
                  | aid. [demonic ancestry]
  2020 | D:2      | Reached XP level 4. HP: 33/33 MP: 5/7
  2066 | D:2      | Gained mutation: You have a small tail. [demonic ancestry]
  2066 | D:2      | Reached XP level 5. HP: 20/38 MP: 8/8
  2440 | D:4      | Noticed an ogre
  2463 | D:4      | Found a runed translucent door.
  2474 | D:4      | Noticed Ivernyr's ghost (novice FoFi)
  2544 | D:4      | Killed an ogre
  2545 | D:4      | Gained mutation: You regenerate health from kills. [demonic
                  | ancestry]
  2545 | D:4      | Reached XP level 6. HP: 8/47 MP: 8/10
  3201 | D:5      | Entered Level 5 of the Dungeon
  3209 | D:5      | Found a burning altar of Makhleb.
  3229 | D:5      | Gained mutation: You have a pair of small horns on your
                  | head. [demonic ancestry]
  3229 | D:5      | Reached XP level 7. HP: 20/52 MP: 5/12
  3405 | D:5      | Learned a level 3 spell: Mephitic Cloud
  3600 | D:5      | Reached skill level 1 in Conjurations
  3658 | D:5      | Reached skill level 1 in Air Magic
  3839 | D:5      | Found a blossoming altar of Fedhas.
  4061 | D:5      | Gained mutation: You have a pair of horns on your head.
                  | [demonic ancestry]
  4061 | D:5      | Reached XP level 8. HP: 42/60 MP: 10/14
  4533 | D:6      | Found a staircase to the Ecumenical Temple.
  4541 | Temple   | Entered the Ecumenical Temple
  4672 | Temple   | Became a worshipper of Vehumet
  5097 | D:6      | Found a hide-covered altar of Uskayaw.
  5131 | D:6      | Found a shimmering blue altar of Sif Muna.
  5132 | D:6      | Found an ornate altar of the Wu Jian Council.
  5778 | D:7      | Reached skill level 5 in Fighting
  5904 | D:7      | Noticed a hornet
  5919 | D:6      | Killed a hornet
  5920 | D:6      | Reached skill level 5 in Spellcasting
  5920 | D:6      | Reached XP level 9. HP: 25/68 MP: 6/16
  6109 | D:7      | Reached skill level 5 in Dodging
  6179 | D:7      | Reached * piety under Vehumet
  6179 | D:7      | Offered knowledge of Sandblast by Vehumet.
  6203 | D:7      | Noticed Joseph
  6226 | D:7      | Killed Joseph
  6323 | D:7      | Identified the +7 spear of Utzabbyera {protect, rPois rF+
                  | Dex+3}
  6577 | D:7      | Found a runed translucent door.
  6578 | D:7      | Noticed Crazy Yiuf
  6589 | D:7      | Killed Crazy Yiuf
  6694 | D:8      | Learned a level 1 spell: Sandblast
  6698 | D:8      | Learned a level 3 spell: Ignite Poison
  6731 | D:8      | Found a broken altar of Ashenzari.
  6885 | D:8      | Found an ancient bone altar of Kikubaaqudgha.
  7298 | D:8      | Found a transporter.
  7308 | D:8      | Reached skill level 5 in Conjurations
  7313 | D:8      | Gained mutation: You regenerate a lot of health from kills.
                  | [demonic ancestry]
  7313 | D:8      | Reached XP level 10. HP: 76/76 MP: 5/19
  7539 | D:8      | Found Wisaadgh's Armour Shoppe.
  7570 | D:9      | Noticed a two-headed ogre
  7821 | D:9      | Learned a level 5 spell: Freezing Cloud
  7826 | D:9      | Noticed Gastronok
  7827 | D:9      | Found an opulent altar of Gozag.
  7859 | D:9      | Killed Gastronok
  7996 | D:9      | Noticed a two-headed ogre
  8244 | D:9      | Chiseanne: as I said : you are stupid fuckers
  8273 | D:9      | Found a bloodstained altar of Trog.
  8273 | D:9      | Found an iron altar of Okawaru.
  8443 | D:9      | Killed a two-headed ogre
  8666 | D:9      | Offered knowledge of Momentum Strike by Vehumet.
  8705 | D:9      | Reached ** piety under Vehumet
  8744 | D:9      | Killed a two-headed ogre
  9123 | D:9      | Gained mutation: A demonic guardian rushes to your aid.
                  | [demonic ancestry]
  9123 | D:9      | Reached XP level 11. HP: 81/81 MP: 10/22
  9467 | D:10     | Entered Level 10 of the Dungeon
  9472 | D:10     | Noticed a two-headed ogre
  9808 | D:10     | Noticed a two-headed ogre
  9828 | D:10     | Chiseanne: yeah, right
  9828 | D:10     | Chiseanne: a miscast...right in time...again..all I can say
                  | is : Ziggurat, lowest level, miscast 3x in a row at a 1%
                  | miscast rate..FUCK YOU
  9832 | D:10     | Killed a two-headed ogre
 10287 | D:10     | Found a shadowy altar of Dithmenos.
 10288 | D:10     | Found a hazy altar of Hepliaklqana.
 10970 | D:3      | Killed Grinder
 11496 | D:11     | Noticed a two-headed ogre
 11498 | D:11     | Noticed a boulder beetle
 11588 | D:11     | Noticed a two-headed ogre
 11593 | D:11     | Killed a two-headed ogre
 11702 | D:11     | Offered knowledge of Scorch by Vehumet.
 11909 | D:11     | Found a staircase to the Orcish Mines.
 12105 | D:11     | Noticed a centaur warrior
 12111 | D:11     | Killed a centaur warrior
 12112 | D:11     | Reached skill level 5 in Transmutations
 12235 | D:11     | Noticed a two-headed ogre
 12258 | D:11     | Killed a two-headed ogre
 12402 | D:11     | Reached *** piety under Vehumet
 12408 | D:11     | Killed a boulder beetle
 12456 | D:11     | Killed a two-headed ogre
 12770 | D:11     | Found a staircase to the Lair.
 12780 | D:11     | Gained mutation: You have a tail ending in a sharp stinger.
                  | [demonic ancestry]
 12780 | D:11     | Reached XP level 12. HP: 81/88 MP: 17/25
 13193 | D:11     | Got Uguric's Secrets of the Xenomorphic Swarm
 13329 | D:12     | Noticed a boulder beetle
 13433 | D:12     | Killed a boulder beetle
 13434 | D:12     | Noticed Azrael
 13515 | Orc:1    | Entered Level 1 of the Orcish Mines
 13518 | Orc:1    | Noticed an orc high priest
 13522 | Orc:1    | Offered knowledge of Flame Wave by Vehumet.
 13616 | Lair:1   | Entered Level 1 of the Lair of Beasts
 13767 | Lair:1   | Reached **** piety under Vehumet
 13792 | Lair:1   | Offered knowledge of Hailstorm by Vehumet.
 13826 | Lair:1   | Found a bloodstained altar of Trog.
 14035 | Lair:1   | Reached skill level 10 in Spellcasting
 14052 | Lair:1   | Reached skill level 10 in Conjurations
 14436 | Lair:2   | Noticed Harold
 14443 | Lair:2   | Killed Harold
 14443 | Lair:2   | Noticed a five-headed hydra
 14444 | Lair:2   | Reached skill level 10 in Dodging
 14453 | Lair:2   | Killed a five-headed hydra
 14546 | Lair:2   | Found a staircase to the Shoals.
 14570 | Lair:2   | Reached ***** piety under Vehumet
 14570 | Lair:2   | Offered knowledge of Plasma Beam by Vehumet.
 14586 | Lair:2   | Learned a level 6 spell: Plasma Beam
 14670 | Lair:2   | You fall into a shaft and drop 2 floors!
 14689 | Lair:4   | Noticed a seven-headed hydra
 14793 | Lair:3   | Reached skill level 1 in Ice Magic
 14794 | Lair:3   | Reached skill level 1 in Fire Magic
 14818 | Lair:3   | Noticed a five-headed hydra
 14838 | Lair:3   | Killed a five-headed hydra
 14839 | Lair:3   | Reached XP level 13. HP: 67/93 MP: 13/27
 15764 | Lair:2   | Noticed Urug
 15778 | Lair:2   | Killed Urug
 15783 | Lair:2   | Reached skill level 5 in Shields
 15988 | Lair:2   | Noticed Erica
 16029 | Lair:2   | Killed Erica
 16099 | Lair:2   | Identified the ring "Nuojoch" {rPois rN+ MP+9 Str+5 Stlth+}
 16425 | Lair:2   | Found a staircase to the Snake Pit.
 16958 | Lair:4   | Found a runed translucent door.
 16958 | Lair:4   | Found a viscous altar of Jiyva.
 16958 | Lair:4   | Noticed an azure jelly
 16959 | Lair:4   | Found a staircase to the Slime Pits.
 17131 | Lair:5   | Entered Level 5 of the Lair of Beasts
 17157 | Lair:5   | Reached XP level 14. HP: 97/100 MP: 20/29
 17509 | Lair:5   | Reached skill level 5 in Fire Magic
 17509 | Lair:5   | Reached skill level 5 in Ice Magic
 17825 | Lair:5   | Offered knowledge of Conjure Ball Lightning by Vehumet.
 17831 | Lair:5   | Learned a level 2 spell: Searing Ray
 18207 | Lair:5   | Found a corrupted altar of Lugonu.
 18207 | Lair:5   | Found a one-way gate to the infinite horrors of the Abyss.
 18215 | Lair:5   | Got the Excursus on the Amorphous Tektite
 19038 | D:8      | Bought a +0 pair of gloves for 58 gold pieces
 20365 | Orc:1    | Found Valaebre's General Store.
 20530 | Orc:2    | Entered Level 2 of the Orcish Mines
 20530 | Orc:2    | Found a gate leading to a gauntlet.
 20692 | Orc:2    | Found a staircase to the Elven Halls.
 20877 | Orc:2    | Found Yfush's Antique Armour Boutique.
 20898 | Orc:2    | Found an ancient bone altar of Kikubaaqudgha.
 20900 | Orc:2    | Paralysed by an ogre mage for 4 turns
 20908 | Orc:2    | Offered knowledge of Iskenderun's Battlesphere by Vehumet.
 20924 | Orc:2    | Paralysed by an orc sorcerer for 2 turns
 20944 | Orc:2    | Found Plog's Book Boutique.
 20994 | Orc:2    | Found a radiant altar of Vehumet.
 21055 | Orc:2    | Found Gorph's Magic Scroll Shop.
 21065 | Orc:2    | Bought a scroll of teleportation for 36 gold pieces
 21065 | Orc:2    | Bought a scroll of identify for 24 gold pieces
 21065 | Orc:2    | Bought a scroll of identify for 24 gold pieces
 21067 | Orc:2    | Bought a scroll of identify for 24 gold pieces
 21067 | Orc:2    | Bought a scroll of identify for 24 gold pieces
 21067 | Orc:2    | Bought a scroll of identify for 24 gold pieces
 21070 | Orc:2    | Bought a scroll of poison for 48 gold pieces
 21070 | Orc:2    | Bought 2 scrolls of poison for 96 gold pieces
 21070 | Orc:2    | Bought a scroll of identify for 24 gold pieces
 21098 | Orc:2    | Found Wodotz's Distillery.
 21106 | Orc:2    | Bought 2 potions of haste for 260 gold pieces
 21106 | Orc:2    | Bought a potion of flight for 39 gold pieces
 21637 | D:12     | Noticed Kirke
 21648 | D:12     | Killed Kirke
 21754 | D:12     | Reached XP level 15. HP: 105/105 MP: 31/31
 21887 | D:12     | Killed Azrael
 22745 | D:13     | Noticed Snorg
 22766 | D:13     | Reached ****** piety under Vehumet
 22766 | D:13     | Offered knowledge of Arcjolt by Vehumet.
 22766 | D:13     | Killed Snorg
 22800 | D:13     | Found a gate to the Vaults.
 22837 | D:13     | Noticed Erolcha
 22846 | D:13     | Killed Erolcha
 23458 | D:13     | Found Melar's Antique Weapon Shop.
 23517 | D:14     | HP: 1/105 [acid (8)]
 24186 | D:15     | Entered Level 15 of the Dungeon
 24674 | D:15     | Found a staircase to the Depths.
 24674 | D:15     | Noticed a fire giant
 24684 | D:15     | Killed a fire giant
 24904 | D:15     | Noticed Agnes
 24917 | D:15     | Killed Agnes
 25094 | D:15     | Found Culecw's Jewellery Emporium.
 25104 | D:15     | Bought the ring "Atyer" {rElec rC+} for 585 gold pieces
 25462 | Shoals:1 | Entered Level 1 of the Shoals
 25621 | Shoals:2 | Offered knowledge of Ozocubu's Refrigeration by Vehumet.
 25709 | Shoals:2 | Noticed Ilsuiw
 25725 | Shoals:2 | Killed Ilsuiw
 25731 | Shoals:2 | Gained mutation: Your touch may inflict irresistible damage
                  | on your foes. [demonic ancestry]
 25731 | Shoals:2 | Reached XP level 16. HP: 46/111 MP: 22/33
 25780 | Shoals:2 | Identified a scroll of acquirement
 25780 | Shoals:2 | Acquired the +3 cloak "Buvumixy" {Contam rC++ Will+}
 25922 | Shoals:3 | Identified the +3 scale mail "Gafuh" {rF+ rN+++ Int-2
                  | Slay+3}
 26073 | Shoals:4 | Entered Level 4 of the Shoals
 26169 | Shoals:4 | Identified the +3 leather armour of Fallacy {rPois rN+++
                  | Str-4}
 26479 | Shoals:4 | Offered knowledge of Spellforged Servitor by Vehumet.
 26579 | Shoals:4 | Identified the +7 trident "Etuecime" {flame, rPois Dex+5}
 26581 | Shoals:4 | Reached skill level 10 in Shields
 26705 | Shoals:4 | Got a barnacled rune of Zot
 26880 | Snake:1  | Entered Level 1 of the Snake Pit
 27593 | Snake:2  | You fall into a shaft and drop 1 floor!
 27777 | Snake:2  | Noticed Aizul
 28285 | Snake:3  | Reached XP level 17. HP: 117/117 MP: 34/35
 28394 | Snake:3  | Reached skill level 10 in Ice Magic
 28520 | Snake:4  | Entered Level 4 of the Snake Pit
 28531 | Snake:4  | Reached skill level 10 in Fire Magic
 28817 | Snake:4  | Offered knowledge of Ignition by Vehumet.
 29136 | Snake:4  | Got a serpentine rune of Zot
 29538 | Snake:2  | Killed Aizul
 29591 | Snake:2  | Noticed Vashnia
 30178 | Elf:1    | Entered Level 1 of the Elven Halls
 30279 | Elf:1    | HP: 4/117 [deep elf archer/arrow (12)]
 30616 | Elf:1    | Found a magical portal.
 30621 | WizLab   | Entered Cigotuvi's Fleshworks
 30757 | Elf:1    | Chiseanne: yeagh right you stupid fuckers
 30834 | Elf:1    | Chiseanne: that shit sucks big balls
 30930 | Elf:1    | Killed from afar by a deep elf zephyrmancer

Illustrated notes

Levels and vault maps discovered:
D:1:      dpeg_arrival_tiny_g, layout_loops_corners, serial_shops,
          nicolae_shop_bloodbath_and_beyond, st_stairs_10
D:2:      layout_basic, ebering_ecumenical_altar_mist, kennysheep_generic_room_8
D:3:      layout_rooms, led_xom_imps, uniq_grinder
D:4:      layout_cave_pools, good_gods_mini_temple,
          ebering_ghost_reflecting_pool
D:5:      layout_gridville, fedhas_altar_3, mainiacjoe_overflow_brackets
D:6:      layout_basic, minitemple, minmay_temple_entry_junction
D:7:      layout_rooms, uniq_crazy_yiuf_cottage, uniq_joseph
D:8:      layout_rooms, nicolae_overflow_crystal_walls,
          kiku_gazebo_garden_becter, serial_shops,
          nicolae_shop_pleasant_corner_grove, nicolae_diode_basic
D:9:      layout_loops_ring, grunt_temple_overflow_bloody_war,
          lemuel_doored_altar, serial_bayou, serial_bayou_crossing,
          serial_bayou_shore_a, serial_bayou_ford_a, serial_bayou_pond_b,
          serial_bayou_pond_d, serial_bayou_shore_b, uniq_gastronok
D:10:     layout_big_octagon, riverfiend_overflow_shadow_ancestor
D:11:     layout_irregular_city, lair_entry_dummy, erik_orc_1, st_stairs_2,
          minmay_fractal_squares_diagonal_5
D:12:     cheibrodos_ideogram_h, layout_cave_pools, st_stairs_10, minivault_10,
          uniq_azrael, uniq_kirke
D:13:     layout_gridville, david_vaults_1, serial_shops, nicolae_shop_crystal,
          amcnicky_mini_corridor_feature, eino_curves_02,
          grunt_decor_mini_mirrors, uniq_snorg, uniq_erolcha
D:14:     layout_rooms, minmay_misc_feat_square
D:15:     grunt_enter_depths_giant_problem, layout_loops_corners, serial_shops,
          nicolae_shop_peninsula, roderic_lattice_a, uniq_agnes
Temple:   nicolae_temple_two_arcs
Lair:1:   wad_woods_minihive, layout_concentric_octagons, basic_altar,
          infiniplex_staircase_pool
Lair:2:   regret_index_wax_grids, layout_chaotic_city,
          nicolae_shoals_entry_roost, nicolae_snake_entry_squirm, uniq_harold,
          uniq_erica, uniq_urug
Lair:3:   layout_gridlike, grunt_megastairs_1
Lair:4:   layout_hall_layers, slime_entry_2
Lair:5:   hellmonk_lair_end_abyssal_woods, layout_loops_ring,
          bh_autumn_forest_stairs
Shoals:1: layout_shoals, uniq_roxanne
Shoals:2: layout_shoals, uniq_ilsuiw
Shoals:3: layout_shoals, nicolae_shoals_cliffside_cave
Shoals:4: shoals_end_grunt_ice, layout_shoals
Snake:1:  layout_misc_corridors, ebering_ghost_gozag, minmay_shoptagon
Snake:2:  layout_chambers, nicolae_integral_box, uniq_vashnia, uniq_aizul,
          uniq_donald
Snake:3:  layout_chambers, grunt_megastairs_2, nicolae_triple_integral
Snake:4:  johnstein_snake_rune_scales, layout_basic,
          nicolae_snake_gridmaze_spiral, abandoned_shop, guppyfry_library_mini
Orc:1:    layout_caves, serial_shops, shop, mines1_david
Orc:2:    kennysheep_orc_mage_school, layout_diamond_mine,
          gauntlet_entry_generic
Elf:1:    minmay_elf_arrival_circle, layout_loops_corners,
          infiniplex_enter_wizlab_spiral, special_room [special_room_orc],
          minmay_elf_sorcery, lemuel_upstairs_altar

Skill      XL: |  1  2  3  4  5  6  7  8  9 10 11 12 13 14 15 16 17 |
---------------+----------------------------------------------------+-----
Shields        | 2 3 4 6 8 9 10 11 | 11.7
Fighting       | 1 2 3 4 5 6 |  6.0
Dodging        | 1 2 3 4 6 7 8 10 | 10.2
Spellcasting   | 2 3 4 5 6 7 9 10 11 12 13 14 | 14.9
Conjurations   | 1 3 5 7 8 10 11 12 13 14 | 14.1
Air Magic      | 1 3 4 |  4.1
Poison Magic   | 6 |  6.0
Transmutations | 3 5 |  5.0
Ice Magic      | 1 4 6 8 9 11 | 11.0
Fire Magic     | 1 4 6 8 9 11 | 11.0
Polearms       | |  1.7

Action                     |  1- 3 |  4- 6 |  7- 9 | 10-12 | 13-15 | 16-18 || total
---------------------------+-------+-------+-------+-------+-------+-------++-------
  Melee: Spear             |   127 |       |       |       |       |       ||   127
         Short sword       |    41 |   105 |   150 |   223 |   364 |    94 ||   977
         Tailslap          |       |    10 |    26 |    42 |    73 |    21 ||   172
         Headbutt          |       |       |    42 |    61 |   102 |    32 ||   237
  Throw: Dart              |       |     1 |     3 |       |       |       ||     4
         Stone             |       |       |     4 |     5 |       |       ||     9
   Cast: Sting             |     7 |     9 |    76 |   156 |   192 |    48 ||   488
         Mephitic Cloud    |       |       |    22 |   116 |   221 |    96 ||   455
         Ignite Poison     |       |       |     6 |    86 |   165 |    63 ||   320
         Sandblast         |       |       |       |    37 |     2 |       ||    39
         Freezing Cloud    |       |       |       |       |    87 |   136 ||   223
         Searing Ray       |       |       |       |       |    47 |   148 ||   195
         Plasma Beam       |       |       |       |       |       |     1 ||     1
  Evoke: Wand              |       |       |       |     4 |     1 |     3 ||     8
    Use: Scroll            |     7 |     7 |     4 |     9 |    16 |     7 ||    50
         Potion            |       |     1 |     1 |       |     1 |     3 ||     6
   Stab: Sleeping          |     2 |       |     2 |     2 |     2 |       ||     8
         Confused          |       |       |     3 |     7 |    18 |     7 ||    35
         Distracted        |       |       |     2 |     1 |       |       ||     3
 Armour: Robe              |    50 |    25 |    26 |    62 |       |       ||   163
         Troll leather arm |       |       |       |    62 |   221 |   114 ||   397
  Dodge: Dodged            |    77 |    38 |   106 |   354 |   398 |   198 ||  1171
  Block: Buckler           |    25 |    25 |    41 |   120 |   149 |   122 ||   482
